 Dungeon Crawl Stone Soup version 0.26-a0-646-g5d7718319a (webtiles) character file.

Game seed: 14036851342291244200

50 DogServant the Caller (level 3, -3/20 HPs)
             Began as a Tengu Summoner on Sept 24, 2020.
             Slain by an adder (5 damage)
             ... on level 3 of the Dungeon.
             The game lasted 00:03:48 (2044 turns).

DogServant the Caller (Tengu Summoner)              Turns: 2044, Time: 00:03:50

Health: -3/20      AC:  3    Str:  9    XL:     3   Next: 79%
Magic:  5/7        EV: 12    Int: 15    God:
Gold:   70         SH:  0    Dex: 14    Spells: 3/6 levels left

rFire    . . .     SeeInvis .   d - +0 hand axe (vamp)
rCold    . . .     Faith    .   (no shield)
rNeg     . . .     Spirit   .   l - +0 leather armour
rPois    .         Reflect  .   (helmet restricted)
rElec    .         Harm     .   (no cloak)
rCorr    .         Rampage  .   (no gloves)
MR       .....                  (boots unavailable)
Stlth    ++........             (no amulet)
HPRegen  0.06/turn              (no ring)
MPRegen  0.10/turn              (no ring)

@: lethally poisoned (-3 -> -8)
A: beak, talons 3
a: no special abilities


You were on level 3 of the Dungeon.
You visited 1 branch of the dungeon, and saw 3 of its levels.

You collected 70 gold pieces.

Inventory:

Hand Weapons
 d - a +0 vampiric hand axe (weapon)
Missiles
 j - 20 poisoned darts (quivered)
Armour
 a - a +0 robe
 l - a +0 leather armour (worn)
 m - a +0 pair of boots
 n - a +0 ring mail
Scrolls
 b - a scroll of immolation {unknown}
 c - 3 scrolls of remove curse
 e - 2 scrolls of identify
 i - 3 scrolls of teleportation {unknown}
Potions
 f - a potion of magic
 g - a potion of resistance {unknown}
 h - a potion of heal wounds {unknown}
 k - a potion of curing {unknown}


   Skills:
 + Level 1.6 Fighting
 + Level 2.0 Axes
 + Level 3.0 Dodging
 - Level 2.0 Stealth
 - Level 2.0 Spellcasting
 - Level 4.8 Summonings


You had 3 spell levels left.
You knew the following spells:

 Your Spells              Type           Power        Failure   Level
a - Summon Small Mammal   Summ           ###.         4%          1
b - Call Imp              Summ           ###.....     6%          2

Your spell library contained the following spells:

 Spells                   Type           Power        Failure   Level
 Call Canine Familiar     Summ           ###.....     13%         3
 Summon Guardian Golem    Hex/Summ       #.......     34%         3
 Summon Ice Beast         Ice/Summ       #.......     75%         4
 Summon Lightning Spire   Summ/Air       #.......     75%         4


Dungeon Overview and Level Annotations

Branches:
Dungeon (3/15)

Altars:


Innate Abilities, Weirdness & Mutations

You have a beak for a mouth.
You have claws for feet.


Message History

The adder bites you.
Your crimson imp blinks!
The adder closely misses you.
You miss the adder.
The adder is almost dead.
The adder bites you.
You closely miss the adder. Your kick misses the adder.
The adder is almost dead.
The adder bites you.
You are poisoned.
The adder poisons you! The adder bites you.
* * * LOW HITPOINT WARNING * * *
You closely miss the adder. Your kick misses the adder.
Your peck misses the adder.
The adder is almost dead.
* * * LOW HITPOINT WARNING * * *
You feel sick.
Your crimson imp disappears in a puff of smoke!
The adder bites you.
You die...

# ## .. .. ... #
#. .#..## #.#. .
.#... .#. .#...##
.. ...... . #.
##.#.#
....##.##....###.#
..§.....S@5......
#.!.#####....####
# ##.#..... ###
#.###### ..# #.#
#.# ##'## #.#
##...##
####†####.....##
##......#.....<.#


You could see an adder and a friendly crimson imp (summoned).

Vanquished Creatures
  3 adders
  2 worms (D:2)
  A dart slug (D:2)
  A leopard gecko (D:3)
  A ball python (D:1)
  A giant cockroach (D:2)
  A goblin (D:2)
  2 hobgoblins (D:2)
  4 bats
  2 frilled lizards
  2 rats
20 creatures vanquished.

Vanquished Creatures (collateral kills)
  A dart slug (D:3)
1 creature vanquished.

Grand Total: 21 creatures vanquished

Notes
Turn   | Place    | Note
-------+----------+-------------------------------------------
     0 | D:1      | DogServant the Tengu Summoner began the quest for the Orb.
     0 | D:1      | Reached XP level 1. HP: 10/10 MP: 4/4
   830 | D:2      | Reached XP level 2. HP: 16/16 MP: 6/6
   862 | D:2      | Reached skill level 1 in Axes
   922 | D:2      | Reached skill level 1 in Fighting
  1306 | D:2      | Reached XP level 3. HP: 20/20 MP: 7/7
  1831 | D:3      | Learned a level 2 spell: Call Imp
  2044 | D:3      | Slain by an adder

Illustrated notes

Levels and vault maps discovered:
D:1:      lemuel_arrival_lava_pool, layout_loops_ring
D:2:      layout_rooms
D:3:      minmay_thinvault, layout_loops_corners, tgw_xom, uniq_terence

Skill      XL: |  1  2  3 |
---------------+----------+-----
Axes           | 1 2 |  2.0
Fighting       | 1 |  1.6
Dodging        | 3 |  3.0
Stealth        | |  2.0
Spellcasting   | |  2.0
Summonings     | |  4.8

Action                   || total
-------------------------++-------
Melee: Hand axe          ||    52
       Kick              ||     8
       Peck              ||     5
Throw: Dart              ||    11
 Cast: Summon Small Mamm ||     5
       Call Imp          ||     4
  Use: Scroll            ||     3
 Stab: Sleeping          ||     6
Armor: Robe              ||     6
       Leather armour    ||     1
Dodge: Dodged            ||    55

Table legend: (Time is in decaauts)
 A = Elapsed time spent in this place.
 B = Non-inter-level travel time spent in this place.
 C = Inter-level travel time spent in this place.
 D = Time resting spent in this place.
 E = Time spent auto-exploring this place.
 F = Levels seen in this place.
 G = Mean time per level.
                   A        B        C        D        E       F      G
               +--------+--------+--------+--------+--------+-----+--------+
         Total |   2055 |   1888 |    167 |    485 |   1134 |   3 |  685.0 |
       Dungeon |   2055 |   1888 |    167 |    485 |   1134 |   3 |  685.0 |
               +--------+--------+--------+--------+--------+-----+--------+

Top non-repeatable levels by time:
     D:2: 880 daAuts
     D:1: 795 daAuts
     D:3: 379 daAuts
